| TOP OF THE 1ST |
|
Houston Astros batting - Pitching for Oakland Athletics : RHP Sean Hill
|
|
Pitching: RHP Sean Hill
|
|
|
Batting: RHB Matt Thompson
|
0-0: Called Strike 0-1: Ball 1-1: Ball 2-1: Foul Ball, location: 2F 2-2: Ball 3-2: Strikes out swinging
|
|
Batting: RHB Josh Froyd
|
0-0: Ball 1-0: Called Strike 1-1: Called Strike 1-2: SINGLE (Groundball, 56D, EV 96.2 MPH)
|
|
Batting: SHB Addick de Vries
|
0-0: Called Strike 0-1: Ball 1-1: Foul Ball, location: 2F 1-2: SINGLE (Groundball, 6S, EV 76.9 MPH) (infield hit) Josh Froyd to second
|
|
Batting: SHB Joe Gardner
|
0-0: Ball 1-0: Called Strike 1-1: Called Strike 1-2: Ball 2-2: Ball 3-2: Strikes out looking
|
|
Batting: LHB Bob Myers
|
0-0: Ball 1-0: Foul Ball, location: 2F 1-1: Swinging Strike 1-2: Ball 2-2: Strikes out swinging
|
| Top of the 1st over - 0 runs, 2 hits, 0 errors, 2 left on base; Houston 0 - Oakland 0 |
| BOTTOM OF THE 1ST |
|
Oakland Athletics batting - Pitching for Houston Astros : RHP Seth Bowersox
|
|
Pitching: RHP Seth Bowersox
|
|
|
Batting: RHB Muneo Kawachi
|
0-0: Ball 1-0: Fly out, F9 (Flyball, 9LM, EV 93.1 MPH)
|
|
Batting: SHB Ryan Langlois
|
0-0: Ball 1-0: Swinging Strike 1-1: Ball 2-1: Foul Ball, location: 2F 2-2: Ball 3-2: Foul Ball, location: 2F 3-2: Fly out, F8 (Flyball, 78M, EV 88.8 MPH)
|
|
Batting: LHB Nate Dean
|
0-0: Called Strike 0-1: Ball 1-1: Ball 2-1: Ground out U3 (Groundball, 3, EV 105.0 MPH)
|
| Bottom of the 1st over - 0 runs, 0 hits, 0 errors, 0 left on base; Houston 0 - Oakland 0 |
| TOP OF THE 2ND |
|
Houston Astros batting - Pitching for Oakland Athletics : RHP Sean Hill
|
|
Batting: LHB Jim Keefe
|
0-0: Called Strike 0-1: Ball 1-1: Foul Ball, location: 2F 1-2: Ball 2-2: Strikes out swinging
|
|
Batting: SHB Nate Kopchak
|
0-0: Foul Ball, location: 2F 0-1: Ball 1-1: Swinging Strike 1-2: Foul Ball, location: 2F 1-2: Foul Ball, location: 2F 1-2: Ground out 6-3 (Groundball, 6, EV 85.0 MPH)
|
|
Batting: LHB Chris Cabrera
|
0-0: Foul Ball, location: 2F 0-1: Foul Ball, location: 2F 0-2: Strikes out looking
|
| Top of the 2nd over - 0 runs, 0 hits, 0 errors, 0 left on base; Houston 0 - Oakland 0 |
| BOTTOM OF THE 2ND |
|
Oakland Athletics batting - Pitching for Houston Astros : RHP Seth Bowersox
|
|
Batting: LHB Sakae Kasahara
|
0-0: Ball 1-0: SINGLE (Line Drive, 56D, EV 106.9 MPH)
|
|
Batting: SHB Robert Handy
|
0-0: Called Strike 0-1: Foul Ball, location: 2F 0-2: Strikes out swinging
|
|
Batting: LHB George Leary
|
0-0: Called Strike 0-1: Fielders Choice at 2nd, 3-6 (Groundball, 3, EV 88.8 MPH)
|
|
Batting: RHB Sébastien Piat
|
0-0: Ground out 4-3 (Groundball, 4, EV 102.5 MPH)
|
| Bottom of the 2nd over - 0 runs, 1 hit, 0 errors, 1 left on base; Houston 0 - Oakland 0 |
| TOP OF THE 3RD |
|
Houston Astros batting - Pitching for Oakland Athletics : RHP Sean Hill
|
|
Batting: RHB Chris Fitzgerald
|
0-0: Swinging Strike 0-1: Ball 1-1: Fly out, F8 (Flyball, 8RM, EV 91.9 MPH)
|
|
Batting: RHB Matt Thompson
|
0-0: Ball 1-0: Ball 2-0: Ball 3-0: Called Strike 3-1: Called Strike 3-2: Foul Ball, location: 2F 3-2: SINGLE (Line Drive, 34D, EV 108.8 MPH)
|
|
Batting: RHB Josh Froyd
|
0-0: Foul Ball, location: 2F 0-1: Ball 1-1: Called Strike 1-2: Foul Ball, location: 2F 1-2: Foul Ball, location: 2F 1-2: Strikes out swinging
|
|
Batting: SHB Addick de Vries
|
0-0: Ball 1-0: Foul Ball, location: 2F 1-1: Ball Matt Thompson steals 2nd base 2-1: Swinging Strike 2-2: Fly out, F7 (Flyball, 7D, EV 99.4 MPH)
|
| Top of the 3rd over - 0 runs, 1 hit, 0 errors, 1 left on base; Houston 0 - Oakland 0 |
| BOTTOM OF THE 3RD |
|
Oakland Athletics batting - Pitching for Houston Astros : RHP Seth Bowersox
|
|
Batting: RHB Philip Jansen
|
0-0: Called Strike 0-1: Fly out, F9 (Flyball, 9, EV 92.5 MPH)
|
|
Batting: RHB Danny Murillo
|
0-0: Foul Ball, location: 2F 0-1: Foul Ball, location: 2F 0-2: Foul Ball, location: 2F 0-2: Strikes out swinging
|
|
Batting: RHB Muneo Kawachi
|
0-0: Ball 1-0: Ball 2-0: Ball 3-0: Called Strike 3-1: Base on Balls
|
|
Batting: SHB Ryan Langlois
|
0-0: Ball 1-0: Called Strike Muneo Kawachi steals 2nd base 1-1: Ball 2-1: Fly out, F8 (Flyball, 8RD, EV 91.2 MPH)
|
| Bottom of the 3rd over - 0 runs, 0 hits, 0 errors, 1 left on base; Houston 0 - Oakland 0 |
| TOP OF THE 4TH |
|
Houston Astros batting - Pitching for Oakland Athletics : RHP Sean Hill
|
|
Batting: SHB Joe Gardner
|
0-0: Ball 1-0: Ball 2-0: Called Strike 2-1: Ground out 3-1 (Groundball, 34S, EV 68.8 MPH)
|
|
Batting: LHB Bob Myers
|
0-0: Ball 1-0: Ball 2-0: Foul Ball, location: 2F 2-1: SINGLE (Groundball, 34D, EV 109.4 MPH)
|
|
Batting: LHB Jim Keefe
|
0-0: Swinging Strike 0-1: Ball 1-1: Swinging Strike 1-2: Fly out, F8 (Flyball, 78S, EV 94.4 MPH)
|
|
Batting: SHB Nate Kopchak
|
0-0: Foul Ball, location: 2F 0-1: Ball 1-1: Ball 2-1: Foul Ball, location: 2F 2-2: Ball 3-2: Strikes out swinging
|
| Top of the 4th over - 0 runs, 1 hit, 0 errors, 1 left on base; Houston 0 - Oakland 0 |
| BOTTOM OF THE 4TH |
|
Oakland Athletics batting - Pitching for Houston Astros : RHP Seth Bowersox
|
|
Batting: LHB Nate Dean
|
0-0: Ball 1-0: Foul Ball, location: 2F 1-1: Ball 2-1: Ball 3-1: Base on Balls
|
|
Batting: LHB Sakae Kasahara
|
0-0: Called Strike 0-1: Ball 1-1: Ball 2-1: Foul Ball, location: 2F 2-2: Ball Nate Dean steals 2nd base (no throw) 3-2: Foul Ball, location: 2F 3-2: Foul Ball, location: 2F 3-2: Base on Balls
|
|
Batting: SHB Robert Handy
|
0-0: Ball 1-0: Ball 2-0: Ball 3-0: Base on Balls Nate Dean to third Sakae Kasahara to second
|
|
Batting: LHB George Leary
|
0-0: Called Strike 0-1: Fly out, F8 (Line Drive, 8RM, EV 91.9 MPH) Runner from 3rd tags up, SCORES, throw by CF
|
|
Batting: RHB Sébastien Piat
|
0-0: Ball 1-0: Ball 2-0: Ball 3-0: Base on Balls Sakae Kasahara to third Robert Handy to second
|
|
Batting: RHB Philip Jansen
|
0-0: Called Strike 0-1: Reached on error, E5 (Groundball, 5S, EV 91.2 MPH) Sakae Kasahara scores Robert Handy to third Sébastien Piat to second
|
|
Batting: RHB Danny Murillo
|
0-0: Called Strike 0-1: Called Strike 0-2: Foul Ball, location: 2F 0-2: SINGLE (Groundball, 56D, EV 96.9 MPH) Robert Handy scores Sébastien Piat to third Philip Jansen to second Throwing error, E7 Sébastien Piat scores Philip Jansen to third Danny Murillo to second
|
|
Batting: RHB Muneo Kawachi
|
0-0: Ball 1-0: Ball 2-0: Swinging Strike 2-1: Swinging Strike 2-2: Foul Ball, location: 2F 2-2: Ground out 4-3 (Groundball, 4S, EV 87.5 MPH) Philip Jansen scores Danny Murillo to third
|
|
Batting: SHB Ryan Langlois
|
0-0: Ball Wild Pitch! Danny Murillo scores 1-0: Foul Ball, location: 2F 1-1: Ball 2-1: Swinging Strike 2-2: Ball SINGLE, rundown, safe at 1st
|
|
Batting: LHB Nate Dean
|
0-0: Ball 1-0: Ball 2-0: Swinging Strike 2-1: Fly out, F6 (Popup, 6, EV 71.2 MPH)
|
| Bottom of the 4th over - 6 runs, 2 hits, 2 errors, 1 left on base; Houston 0 - Oakland 6 |
| TOP OF THE 5TH |
|
Houston Astros batting - Pitching for Oakland Athletics : RHP Sean Hill
|
|
Batting: LHB Chris Cabrera
|
0-0: Called Strike 0-1: Foul Ball, location: 2F 0-2: Foul Ball, location: 2F 0-2: Strikes out swinging
|
|
Batting: RHB Chris Fitzgerald
|
0-0: Ball 1-0: Ground out 6-3 (Groundball, 6, EV 103.8 MPH)
|
|
Batting: RHB Matt Thompson
|
0-0: Ball 1-0: Ball 2-0: SINGLE (Line Drive, 9S, EV 101.2 MPH)
|
|
Batting: RHB Josh Froyd
|
0-0: Called Strike 0-1: Foul Ball, location: 2F 0-2: Foul Ball, location: 2F 0-2: Foul Ball, location: 2F 0-2: Ball Matt Thompson steals 2nd base 1-2: SINGLE (Line Drive, 89S, EV 101.9 MPH) Matt Thompson to third
|
|
Batting: SHB Addick de Vries
|
0-0: Ball 1-0: Ball 2-0: Ball 3-0: Called Strike 3-1: Base on Balls Josh Froyd to second
|
|
Pitching: LHP Jamie Tanner
|
|
|
Batting: SHB Joe Gardner
|
0-0: Fielders Choice at 2nd, U6 (Groundball, 4MD, EV 85.6 MPH)
|
| Top of the 5th over - 0 runs, 2 hits, 0 errors, 3 left on base; Houston 0 - Oakland 6 |
| BOTTOM OF THE 5TH |
|
Oakland Athletics batting - Pitching for Houston Astros : RHP Seth Bowersox
|
|
Batting: LHB Sakae Kasahara
|
0-0: Fly out, F7 (Flyball, 78M, EV 90.0 MPH)
|
|
Batting: SHB Robert Handy
|
0-0: Ball 1-0: Fly out, F7 (Flyball, 7S, EV 91.2 MPH)
|
|
Batting: LHB George Leary
|
0-0: Ball 1-0: SOLO HOME RUN (Flyball, 9D, EV 100.0 MPH), Distance : 386 ft
|
|
Pitching: RHP Bill Tulk
|
|
|
Batting: RHB Sébastien Piat
|
0-0: Called Strike 0-1: Swinging Strike 0-2: Ball 1-2: Strikes out swinging
|
| Bottom of the 5th over - 1 run, 1 hit, 0 errors, 0 left on base; Houston 0 - Oakland 7 |
| TOP OF THE 6TH |
|
Houston Astros batting - Pitching for Oakland Athletics : LHP Jamie Tanner
|
|
Batting: LHB Bob Myers
|
0-0: Ball 1-0: DOUBLE (Line Drive, 9LS, EV 110.6 MPH)
|
|
Batting: LHB Jim Keefe
|
0-0: Called Strike 0-1: Ball 1-1: DOUBLE (Line Drive, 7LD, EV 107.5 MPH) Bob Myers scores
|
|
Batting: SHB Nate Kopchak
|
0-0: Ball 1-0: Ball 2-0: Called Strike 2-1: Foul Ball, location: 2F 2-2: Ball 3-2: Foul Ball, location: 2F 3-2: Strikes out looking
|
|
Batting: LHB Chris Cabrera
|
0-0: Ground out 4-3 (Groundball, 4, EV 95.6 MPH) Jim Keefe to third
|
|
Batting: RHB Chris Fitzgerald
|
0-0: Ball 1-0: Ball 2-0: Called Strike 2-1: Foul Ball, location: 2F 2-2: Ball 3-2: 2-RUN HOME RUN (Flyball, 78XD, EV 112.5 MPH), Distance : 410 ft
|
|
Pitching: RHP Mike Chapman
|
|
|
Batting: RHB Matt Thompson
|
0-0: Ball 1-0: Swinging Strike 1-1: DOUBLE (Line Drive, 7LD, EV 110.6 MPH)
|
|
Batting: RHB Josh Froyd
|
0-0: Called Strike 0-1: Ground out 4-3 (Groundball, 34, EV 106.9 MPH)
|
| Top of the 6th over - 3 runs, 4 hits, 0 errors, 1 left on base; Houston 3 - Oakland 7 |
| BOTTOM OF THE 6TH |
|
Oakland Athletics batting - Pitching for Houston Astros : RHP Bill Tulk
|
|
Batting: RHB Philip Jansen
|
0-0: Ground out 5-3 (Groundball, 5, EV 85.6 MPH)
|
|
Batting: RHB Danny Murillo
|
0-0: SINGLE (Line Drive, 34, EV 104.4 MPH)
|
|
Batting: RHB Muneo Kawachi
|
0-0: Called Strike 0-1: Ball 1-1: Reached on error, E5 (Groundball, 5, EV 93.8 MPH) Danny Murillo to second
|
|
Batting: SHB Ryan Langlois
|
0-0: Ball 1-0: Called Strike 1-1: Called Strike 1-2: Fly out, F8 (Flyball, 8RD, EV 81.9 MPH)
|
|
Batting: LHB Nate Dean
|
0-0: Ball 1-0: Ground out 4-3 (Groundball, 4, EV 84.4 MPH)
|
| Bottom of the 6th over - 0 runs, 1 hit, 1 error, 2 left on base; Houston 3 - Oakland 7 |
| TOP OF THE 7TH |
|
Houston Astros batting - Pitching for Oakland Athletics : RHP Mike Chapman
|
|
Batting: SHB Addick de Vries
|
0-0: Called Strike 0-1: Called Strike 0-2: Ball 1-2: Strikes out swinging
|
|
Batting: SHB Joe Gardner
|
0-0: Called Strike 0-1: Swinging Strike 0-2: Strikes out swinging
|
|
Batting: LHB Bob Myers
|
0-0: Called Strike 0-1: DOUBLE (Flyball, 8RXD, EV 96.9 MPH)
|
|
Batting: LHB Jim Keefe
|
0-0: Ball 1-0: Swinging Strike 1-1: Fly out, F8 (Flyball, 8LS, EV 99.4 MPH)
|
| Top of the 7th over - 0 runs, 1 hit, 0 errors, 1 left on base; Houston 3 - Oakland 7 |
| BOTTOM OF THE 7TH |
|
Oakland Athletics batting - Pitching for Houston Astros : RHP Bill Tulk
|
|
Batting: LHB Sakae Kasahara
|
0-0: Called Strike 0-1: Swinging Strike 0-2: Ball 1-2: Strikes out looking
|
|
Batting: SHB Robert Handy
|
0-0: Called Strike 0-1: Foul Ball, location: 2F 0-2: Ball 1-2: Ball 2-2: SINGLE (Groundball, 4D, EV 98.8 MPH)
|
|
Batting: LHB George Leary
|
0-0: SINGLE (Line Drive, 34, EV 96.9 MPH) Robert Handy to second Runner from 2nd tries for 3rd, SAFE, throw by RF made to third
|
|
Batting: RHB Sébastien Piat
|
0-0: Called Strike 0-1: Called Strike 0-2: Fly out, F2 (Popup, 13S, EV 75.6 MPH)
|
|
Batting: RHB Philip Jansen
|
0-0: Ball 1-0: Called Strike 1-1: Foul Ball, location: 2F 1-2: SINGLE (Groundball, 4S, EV 76.9 MPH) (infield hit) Robert Handy scores George Leary to second
|
|
Batting: RHB Danny Murillo
|
0-0: Called Strike 0-1: Ball 1-1: Ball 2-1: Fielders Choice at 2nd, 5-4 (Groundball, 5D, EV 106.9 MPH)
|
| Bottom of the 7th over - 1 run, 3 hits, 0 errors, 2 left on base; Houston 3 - Oakland 8 |
| TOP OF THE 8TH |
|
Houston Astros batting - Pitching for Oakland Athletics : RHP Mike Chapman
|
|
Batting: SHB Nate Kopchak
|
0-0: Called Strike 0-1: Foul Ball, location: 2F 0-2: Ball 1-2: Ball 2-2: Foul Ball, location: 2F 2-2: Strikes out looking
|
|
Batting: LHB Chris Cabrera
|
0-0: SINGLE (Groundball, 6MS, EV 64.4 MPH) (infield hit)
|
|
Batting: RHB Chris Fitzgerald
|
0-0: Fly out, F8 (Flyball, 8RM, EV 94.4 MPH)
|
|
Batting: RHB Matt Thompson
|
0-0: Called Strike 0-1: Swinging Strike 0-2: Ball 1-2: Foul Ball, location: 2F 1-2: Ball 2-2: Ball 3-2: Ground out 6-3 (Groundball, 6M, EV 76.9 MPH)
|
| Top of the 8th over - 0 runs, 1 hit, 0 errors, 1 left on base; Houston 3 - Oakland 8 |
| BOTTOM OF THE 8TH |
|
Oakland Athletics batting - Pitching for Houston Astros : RHP Bill Tulk
|
|
Batting: RHB Muneo Kawachi
|
0-0: Fly out, F6 (Flyball, 56D, EV 83.8 MPH)
|
|
Batting: SHB Ryan Langlois
|
0-0: Ball 1-0: Ball 2-0: Ball 3-0: Called Strike 3-1: Foul Ball, location: 2F 3-2: Fly out, F8 (Line Drive, 8LM, EV 89.4 MPH)
|
|
Batting: LHB Nate Dean
|
0-0: Fly out, F5 (Flyball, 5D, EV 81.2 MPH)
|
| Bottom of the 8th over - 0 runs, 0 hits, 0 errors, 0 left on base; Houston 3 - Oakland 8 |
| TOP OF THE 9TH |
|
Houston Astros batting - Pitching for Oakland Athletics : RHP Mike Chapman
|
|
Batting: RHB Josh Froyd
|
0-0: Ball 1-0: Called Strike 1-1: Swinging Strike 1-2: Ball 2-2: Ground out 4-3 (Groundball, 13, EV 88.1 MPH)
|
|
Batting: SHB Addick de Vries
|
0-0: Ball 1-0: Swinging Strike 1-1: Foul Ball, location: 2F 1-2: Ball 2-2: SINGLE (Groundball, 34D, EV 103.8 MPH) (infield hit)
|
|
Batting: SHB Joe Gardner
|
0-0: Ball 1-0: Swinging Strike 1-1: Swinging Strike 1-2: Ball 2-2: Ball 3-2: Strikes out looking
|
|
Pitching: LHP Neal Chauveau
|
|
|
Batting: LHB Bob Myers
|
0-0: Ball 1-0: Ball 2-0: Ball 3-0: Called Strike 3-1: Called Strike 3-2: Strikes out swinging
|
| Top of the 9th over - 0 runs, 1 hit, 0 errors, 1 left on base; Houston 3 - Oakland 8 |
|